 Dungeon Crawl Stone Soup version 0.30.0-17-ge0270778cf (webtiles) character file.

Game seed: 7287036926765313319

28 NateTC the Chopper (level 3, -6/33 HPs)
             Began as a Minotaur Fighter on May 21, 2023.
             Killed by divine providence
             ... invoked by an orc priest
              (17 damage)
             ... on level 2 of the Dungeon.
             The game lasted 00:00:50 (764 turns).

NateTC the Chopper (Minotaur Fighter)                Turns: 764, Time: 00:00:50

Health: -6/33      AC:  6    Str: 22    XL:     3   Next: 0%
Magic:  2/2        EV:  9    Int:  5    God:
Gold:   60         SH:  4    Dex:  9    Spells: 2/2 levels left

rFire   . . .        a - +0 war axe
rCold   . . .        c - +0 buckler
rNeg    . . .        b - +0 scale mail
rPois   +            (helmet restricted)
rElec   .            (no cloak)
rCorr   .            (no gloves)
SInv    .            (no boots)
Will    .....        (no amulet) Stlth
                     e - ring of poison resistance
HPRegen 0.25/turn    (no ring)
MPRegen 0.08/turn

%: no passive effects
@: no status effects
A: horns 2, retaliatory headbutt
a: no special abilities


You were on level 2 of the Dungeon.
You visited 1 branch of the dungeon, and saw 2 of its levels.

You collected 60 gold pieces.

Inventory:

Hand Weapons
 a - a +0 war axe (weapon)
Armour
 b - a +0 scale mail (worn)
 c - a +0 buckler (worn)
Jewellery
 e - a ring of poison resistance (left hand)
Potions
 d - a potion of might
 g - a potion of lignification {unknown}
 h - a potion of haste {unknown}
 i - 2 potions of heal wounds {unknown}
 j - 2 potions of ambrosia {unknown}


   Skills:
 * Level 3.9 Fighting
 - Level 4.0 Axes
 - Level 3.6 Armour
 - Level 3.6 Shields


You had 2 spell levels left.
You didn't know any spells.
Your spell library contained the following spells:

 Spells                   Type           Power      Damage    Failure   Level
 Slow                     Hex            0%         N/A       86%         1
 Confusing Touch          Hex            0%         N/A       99%         3
 Vampiric Draining        Necr           0%         2d6       99%         3


Dungeon Overview and Level Annotations

Branches:
Dungeon (2/15) Zot: 11216

Altars:

Shops:
D:1 [


Innate Abilities, Weirdness & Mutations

You have a pair of horns on your head.
You reflexively headbutt those who attack you in melee.


Message History

An orc comes into view. It is wielding a +0 club.
The orc shouts!
There are monsters nearby!
An orc priest comes into view. It is wielding a +0 flail.
The orc priest shouts!
There are monsters nearby!
An orc priest comes into view. It is wielding a +0 club.
You block the orc's attack.
There are monsters nearby!
You hit the orc.
The orc is lightly wounded.
You hit the orc but do no damage. You block the orc's attack.
The orc hits you but does no damage.
You barely miss the orc.
The orc is lightly wounded.
You closely miss the orc. You hit the orc but do no damage. You hit the orc.
The orc hits you with a +2 mace of protection.
The orc hits you but does no damage. You block the orc's attack. x2
The orc closely misses you. The orc hits you with a +0 dagger.
The orc hits you but does no damage. x3
You hit the orc.
You kill the orc!
You hit the orc but do no damage. You hit the orc. You barely miss the orc.
You hit the orc. The orc hits you with a +0 club. You block the orc's attack.
The orc hits you with a +0 hand axe. The orc closely misses you.
You have reached level 3!
Your experience leads to an increase in your attributes!
Increase (S)trength, (I)ntelligence, or (D)exterity?
You feel stronger. x2
You hit the orc.
You kill the orc!
You completely miss the orc. You closely miss the orc. You hit the orc.
The orc barely misses you.
The orc priest mumbles some strange prayers to Beogh against you.
Beogh smites you! The orc hits you with a +0 dagger. The orc barely misses you.
The orc hits you but does no damage.
The orc priest mumbles some strange prayers to Beogh against you.
Beogh smites you!
Ouch! That really hurt!
You die...

.. ..... ...# . #.
#.#.##...######
.#..##.#.##.........
..................#
#..#.#.#..#......
..##..#.#.#..#.....
................#######
..........†.....)......
......#.#.....o@o8...8.
####. #.###<.#ooo......
#..........?........
...)###............
.............8...8.
....................
..............#######
.......... .K..##.###


You could see 2 orc priests and 3 orcs.

Vanquished Creatures
  2 orcs (D:2)
  A ball python (D:1)
  4 endoplasms (D:1)
  3 giant cockroaches (D:1)
  A goblin (D:1)
  A quokka (D:1)
  5 bats
  3 frilled lizards
  3 kobolds
  7 rats
30 creatures vanquished.

Notes
Turn   | Place    | Note
-------+----------+-------------------------------------------
     0 | D:1      | NateTC the Minotaur Fighter began the quest for the Orb.
     0 | D:1      | Reached XP level 1. HP: 19/19 MP: 0/0
   157 | D:1      | Reached skill level 3 in Axes
   167 | D:1      | Found Pomm's Armour Emporium.
   293 | D:1      | Reached XP level 2. HP: 26/26 MP: 1/1
   461 | D:1      | Reached skill level 4 in Axes
   764 | D:2      | Reached XP level 3. HP: 24/33 MP: 2/2
   764 | D:2      | Killed from afar by an orc priest

Illustrated notes

Levels and vault maps discovered:
D:1:      dpeg_arrival_long_road, layout_loops_ring, serial_shops, shop,
          grunt_decor_clamped, minmay_strange_pillars
D:2:      cheibrodos_pilgrimage, layout_basic, ebering_ecumenical_altar_ruins,
          uniq_robin

Skill      XL: |  1  2 |
---------------+-------+-----
Axes           | 3 4 |  4.0
Fighting       | |  3.9
Armour         | |  3.6
Shields        | |  3.6

Action                     || total
---------------------------++-------
  Melee: War axe           ||    54
         Headbutt          ||     5
    Use: Scroll            ||     1
 Armour: Scale mail        ||    27
  Dodge: Dodged            ||    26
  Block: Buckler           ||    16
